 Dungeon Crawl Stone Soup version 0.25.1-2-g60ff931df9 (webtiles) character file.

Game seed: 344460195671459153

93 Elvor the Skirmisher (level 4, -5/41 HPs)
             Began as a Minotaur Fighter on Aug 28, 2020.
             Slain by an orc
             ... wielding a +2 hand axe of electrocution
              (6 damage)
             ... on level 3 of the Dungeon.
             The game lasted 00:19:11 (2807 turns).

Elvor the Skirmisher (Minotaur Fighter)             Turns: 2807, Time: 00:19:12

Health: -5/41      AC: 12    Str: 22    XL:     4   Next: 36%
Magic:  3/3        EV:  4    Int:  5    God:
Gold:   106        SH:  9    Dex:  9    Spells: 3/3 levels left

rFire    . . .     SeeInvis .   a - +0 flail
rCold    . . .     Gourm    .   c - +0 kite shield
rNeg     . . .     Faith    .   o - +0 plate armour
rPois    .         Spirit   .   (helmet restricted)
rElec    .         Reflect  .   (no cloak)
rCorr    .         Harm     .   (no gloves)
MR       +....     Rnd*Tele +   (no boots)
Stlth    ..........             (no amulet)
HPRegen  0.13/turn              g - ring of teleportation (curse)
MPRegen  0.08/turn              r - ring of protection from magic

@: lethally poisoned (-5 -> -8), flying
A: retaliatory headbutt, horns 2
a: no special abilities


You were on level 3 of the Dungeon.
You were hungry.

You visited 1 branch of the dungeon, and saw 3 of its levels.

You collected 106 gold pieces.

Inventory:

Hand Weapons
 a - a +0 flail (weapon)
 k - a cursed +0 falchion
Missiles
 s - 2 javelins (quivered)
Armour
 b - a +0 scale mail
 c - a +0 kite shield (worn)
 o - a +0 plate armour (worn)
Jewellery
 g - a cursed ring of teleportation (left hand)
 r - a ring of protection from magic (right hand)
Scrolls
 e - a scroll of enchant armour {unknown}
 h - a scroll of remove curse {unknown}
 i - 2 scrolls of blinking {unknown}
 j - 3 scrolls of teleportation {unknown}
 m - a scroll of fog {unknown}
 n - a scroll of identify {unknown}
Potions
 d - a potion of might


   Skills:
 * Level 4.6 Fighting
 + Level 3.2 Maces & Flails
 + Level 4.4 Armour
 + Level 0.6 Dodging
 + Level 4.3 Shields


You had 3 spell levels left.
You didn't know any spells.
Your spell library was empty.

Dungeon Overview and Level Annotations

Branches:
Dungeon (3/15)

Altars:
Cheibriados
Gozag


Innate Abilities, Weirdness & Mutations

You reflexively headbutt those who attack you in melee.
You have a pair of horns on your head.


Message History

You block the orc's attack. You block the adder's attack.
You block the rat's attack. The orc hits you but does no damage.
The adder bites you but does no damage. You block the orc's attack.
You closely miss the adder. You headbutt the adder.
You kill the adder!
* * * LOW HITPOINT WARNING * * *
You feel sick. You block the rat's attack. The orc closely misses you.
You block the orc's attack.
You barely miss the orc.
* * * LOW HITPOINT WARNING * * *
You feel sick. The rat bites you but does no damage.
The orc hits you but does no damage. x3; The rat barely misses you.
You furiously retaliate!
You headbutt the rat.
You kill the rat!
You hit the orc but do no damage. You block the orc's attack.
The orc barely misses you. You furiously retaliate!
You headbutt the orc, but do no damage. You block the orc's attack.
The orc hits you but does no damage. x2
The orc hits you with a +2 hand axe of electrocution.
You die...

#########
#.......#########
####.......##..<...#
......o@o((.(......#
#.##..o†o..##......#
#....$..#####.###
###..#### #.# #...#
#.. #.s.# ##.#
....## .# ..#. .. ..


You could see 4 orcs and a giant cockroach.

Vanquished Creatures
  4 adders
  2 worms (D:2)
  3 ball pythons (D:1)
  2 giant cockroaches
  7 goblins
  9 hobgoblins
  4 jackals (D:2)
  7 bats
  A frilled lizard (D:2)
  4 kobolds
  3 rats
46 creatures vanquished.

Notes
Turn   | Place    | Note
-------+----------+-------------------------------------------
     0 | D:1      | Elvor the Minotaur Fighter began the quest for the Orb.
     0 | D:1      | Reached XP level 1. HP: 19/19 MP: 0/0
   117 | D:1      | Reached XP level 2. HP: 27/27 MP: 1/1
   713 | D:2      | Reached XP level 3. HP: 34/34 MP: 2/2
   939 | D:2      | Reached XP level 4. HP: 30/41 MP: 3/3
  1021 | D:2      | Found an opulent altar of Gozag.
  1021 | D:2      | Found a snail-covered altar of Cheibriados.
  2803 | D:3      | HP: 2/41 [poisoned by an adder]
  2807 | D:3      | Slain by an orc

Illustrated notes

Levels and vault maps discovered:
D:1:      wander_arrival_lonely_grave, layout_basic
D:2:      layout_basic, gammafunk_temple_overflow_elements,
          minmay_misc_feat_tower
D:3:      layout_rooms, columned_hall_lemuel, palyth_stone_intersect

Skill      XL: |  1  2  3 |
---------------+----------+-----
Fighting       | 4 |  4.6
Shields        | 4 |  4.3
Armour         | 4 |  4.4
Maces & Flails | 3 |  3.2
Dodging        | |  0.6

Action                   |  1- 3 |  4- 6 || total
-------------------------+-------+-------++-------
Melee: Flail             |   109 |    53 ||   162
       Headbutt          |     9 |     5 ||    14
  Use: Potion            |       |     2 ||     2
  Eat: Chunk             |       |     2 ||     2
       Ration            |       |     1 ||     1
Armor: Scale mail        |    35 |       ||    35
       Plate armour      |    21 |    52 ||    73
Dodge: Dodged            |    26 |    13 ||    39
Block: Kite shield       |    60 |    50 ||   110
